 Dungeon Crawl Stone Soup version bcrawl-1.23 (webtiles) character file.

Game seed: 8145844555744554017

494 Freyura the Twirler (level 6, -11/48 HPs)
             Began as a Demonspawn Gladiator on May 30, 2020.
             Was an Initiate of Ashenzari.
             Killed by divine providence
             ... invoked by an orc priest
              (14 damage)
             ... on level 4 of the Dungeon.
             The game lasted 00:09:26 (2865 turns).

Freyura the Twirler (Demonspawn Gladiator)          Turns: 2865, Time: 00:09:26

Health: -11/48     AC: 12    Str: 14    XL:     6   Next: 92%
Magic:  6/6        EV: 11    Int: 10    God:    Ashenzari [......]
Gold:   313        SH:  0    Dex: 16    Spells: 5/5 levels left

rFire    . . .     SeeInvis .   a - +0 quarterstaff (curse)
rCold    . . .     Gourm    .   (shield currently unavailable)
rNeg     . . .     Faith    .   i - +0 scale mail {MR+} (curse)
rPois    .         Spirit   .   c - +0 helmet (curse)
rElec    +         Reflect  .   (no cloak)
rCorr    .         Harm     .   m - +0 pair of gloves (curse)
MR       +....                  v - +0 pair of boots (curse)
Stlth    ++........             (no amulet)
HPRegen  0.16/turn              l - ring of insulation
MPRegen  0.10/turn              o - ring of stealth

@: no status effects
A: hooves 2, slimy green scales 1
a: Curse Item, Renounce Religion


You were on level 4 of the Dungeon.
You worshipped Ashenzari.
Ashenzari was noncommittal.
You were hungry.

You visited 1 branch of the dungeon, and saw 4 of its levels.

You collected 313 gold pieces.

Inventory:

Hand Weapons
 a - a cursed +0 quarterstaff (weapon)
Missiles
 d - 3 throwing nets (quivered) {!f}
Armour
 c - a cursed +0 helmet (worn)
 i - a cursed +0 scale mail of magic resistance (worn)
 m - a cursed +0 pair of gloves (worn)
 v - a cursed +0 pair of boots (worn)
Jewellery
 b - an uncursed amulet of faith
 l - a ring of insulation (left hand)
 o - a ring of stealth (right hand)
Scrolls
 g - 4 scrolls of teleportation {unknown}
 j - a scroll of amnesia {unknown}
 n - a scroll of identify
 p - a scroll of remove curse {unknown}
 q - a scroll of fear {unknown}
 u - a scroll of magic mapping {unknown}
Potions
 h - 3 potions of curing
 k - 3 potions of magic
 r - a potion of agility {unknown}
 s - a potion of mutation {unknown}
 t - 2 potions of degeneration {unknown}
Comestibles
 e - 5 rations {!d}


   Skills:
 + Level 3.7 Fighting
 * Level 5.0 Staves
 - Level 1.7 Throwing
 + Level 2.7 Armour
 + Level 3.9 Dodging


You had 5 spell levels left.
You didn't know any spells.
Your spell library was empty.

Dungeon Overview and Level Annotations

Branches:
Dungeon (4/12)
 Temple: D:4-7

Altars:
Ashenzari
Uskayaw

Shops:
D:4 *

Annotations:
D:3 3 runed translucent doors, HoboStank's ghost, amateur HOFi; gorpus's ghost, amateur OpWz


Innate Abilities, Weirdness & Mutations

You have hoof-like feet.
You are partially covered in slimy green scales. (AC +2)


Message History

The orc priest is almost dead.
The orc priest invokes the aid of Beogh against you.
Beogh smites you! The orc wizard closely misses you. x2
You hit the orc priest but do no damage.
The orc priest is almost dead.
The orc wizard gestures at you while chanting.
The puff of frost hits you. The orc hits you but does no damage.
The orc priest hits you with a +0 short sword.
* * * LOW HITPOINT WARNING * * *
The orc wizard closely misses you.
The orc priest calls down the wrath of Beogh upon you.
Beogh smites you!
* * * LOW HITPOINT WARNING * * *
The orc wizard hits you but does no damage.
You closely miss the orc priest.
The orc priest is almost dead.
The orc wizard closely misses you.
The orc priest invokes the aid of Beogh against you.
Beogh smites you!
You die...

#...##### #.... ..
##....#.....# #....
...####.......##..####....
.......<..................
..........#..##..####....
...o...(..#......####....
#.oo?.....##......#....
#....ooo....##.#.......
#...Zo@.#.#.##...#.....
####.###..#.###........
#.# # ##<.#####..... #.#
##..# ###### #.# ##.####
## ##.# #....#####. #..#
.# ####....... ###(####.#
####..## #........# #..#.


You could see 2 orc priests, 2 orc wizards, 3 orcs and a centaur zombie.

Vanquished Creatures
  Sigmund (D:3)
  A sky beast (D:2)
  A bullfrog (D:3)
  Terence (D:3)
  A worker ant (D:3)
  A hound skeleton (D:4)
  2 adders
  An ooze (D:1)
  A worm (D:3)
  3 dart slugs (D:1)
  3 leopard geckos
  2 orcs
  12 bats
  5 giant cockroaches
  5 goblins (D:1)
  9 hobgoblins
  7 jackals
  10 kobolds
  A quokka (D:3)
  4 frilled lizards
  4 rats
75 creatures vanquished.

Notes
Turn   | Place    | Note
-------+----------+-------------------------------------------
     0 | D:1      | Freyura the Demonspawn Gladiator began the quest for the
                  | Orb.
     0 | D:1      | Reached XP level 1. HP: 16/16 MP: 1/1
   177 | D:1      | Gained mutation: You have large cloven feet. [demonic
                  | ancestry]
   177 | D:1      | Reached XP level 2. HP: 20/22 MP: 2/2
   213 | D:1      | Reached skill level 3 in Staves
   452 | D:1      | Gained mutation: You have hoof-like feet. [demonic
                  | ancestry]
   452 | D:1      | Reached XP level 3. HP: 28/28 MP: 3/3
   511 | D:1      | Reached skill level 1 in Armour
  1067 | D:2      | Reached XP level 4. HP: 34/34 MP: 4/4
  1272 | D:2      | Found a hide-covered altar of Uskayaw.
  1510 | D:2      | Noticed a sky beast
  1537 | D:2      | Killed a sky beast
  1537 | D:2      | Reached skill level 4 in Staves
  1537 | D:2      | Gained mutation: You are partially covered in slimy green
                  | scales. (AC +2) [demonic ancestry]
  1537 | D:2      | Reached XP level 5. HP: 22/40 MP: 5/5
  1775 | D:3      | Noticed Sigmund
  1788 | D:3      | Killed Sigmund
  1788 | D:3      | Reached XP level 6. HP: 47/47 MP: 6/6
  1946 | D:3      | Found a runed translucent gate.
  1946 | D:3      | Found a runed translucent gate.
  1946 | D:3      | Found a runed translucent gate.
  1952 | D:3      | Noticed HoboStank's ghost (amateur HOFi)
  1952 | D:3      | Noticed gorpus's ghost (amateur OpWz)
  2042 | D:3      | Noticed Terence
  2056 | D:3      | Killed Terence
  2609 | D:4      | Found a shattered altar of Ashenzari.
  2622 | D:4      | Became a worshipper of Ashenzari the Shackled
  2636 | D:4      | Found Yruist's General Store.
  2823 | D:4      | Reached skill level 5 in Staves
  2865 | D:4      | Killed from afar by an orc priest

Skill      XL: |  1  2  3  4  5  6 |
---------------+-------------------+-----
Staves         | 3 4 5 |  5.0
Armour         | 1 2 |  2.7
Dodging        | 3 |  3.9
Fighting       | 3 |  3.7
Throwing       | |  1.7

Action                   |  1- 3 |  4- 6 || total
-------------------------+-------+-------++-------
Melee: Quarterstaff      |   133 |   125 ||   258
       Kick              |    26 |    34 ||    60
Invok: Curse Item        |       |     5 ||     5
  Use: Scroll            |       |     2 ||     2
  Eat: Chunk             |     1 |     5 ||     6
Armor: Leather armour    |    33 |       ||    33
       Scale mail        |    37 |    56 ||    93
Dodge: Dodged            |    84 |    76 ||   160
